 Dungeon Crawl Stone Soup version 0.20.1-1-g8b1a95d (webtiles) character file.

189 dvd the Skirmisher (level 5, -1/47 HPs)
             Began as a Minotaur Wanderer on Sept 9, 2017.
             Was an Initiate of Trog.
             Slain by a hippogriff (7 damage)
             ... on level 3 of the Dungeon.
             The game lasted 00:06:15 (2828 turns).

dvd the Skirmisher (Minotaur Wanderer)              Turns: 2828, Time: 00:06:17

Health: -1/47      AC: 13    Str: 17    XL:     5   Next: 40%
Magic:  4/4        EV:  9    Int:  9    God:    Trog [......]
Gold:   238        SH:  0    Dex: 10    Spells: 4/4 levels left

rFire    . . .     SeeInvis .   h - +1 mace (protect)
rCold    . . .     Gourm    .   (no shield)
rNeg     . . .     Faith    .   n - +0 scale mail
rPois    .         Spirit   .   (helmet restricted)
rElec    .         Reflect  .   (no cloak)
rCorr    .         Harm     .   (no gloves)
MR       .....                  (no boots)
Stlth    +.........             (no amulet)
Regen    0.2/turn               (no ring)
MPRegen  0.1/turn               (no ring)

@: protection aura
A: retaliatory headbutt, horns 2
a: Burn Spellbooks, Renounce Religion


You were on level 3 of the Dungeon.
You worshipped Trog.
Trog was noncommittal.
You were very hungry.

You visited 1 branch of the dungeon, and saw 3 of its levels.

You collected 238 gold pieces.

Inventory:

Hand Weapons
 b - a +2 blowgun
 h - a +1 mace of protection (weapon)
 i - a +1 whip of freezing
 p - a cursed -1 whip
Missiles
 a - a curare-tipped needle
Armour
 l - a +0 ring mail
 n - a +0 scale mail (worn)
Scrolls
 e - a scroll of enchant weapon {unknown}
 f - 2 scrolls of enchant armour {unknown}
 k - a scroll of identify {unknown}
 m - 2 scrolls of fear {unknown}
 q - a scroll of remove curse
 u - a scroll of blinking {unknown}
Potions
 c - a potion of lignification
 o - a potion of invisibility {unknown}
 r - a potion of curing {unknown}
 s - a potion of ambrosia {unknown}
 t - 3 potions of cancellation
 v - a potion of brilliance {unknown}
Comestibles
 d - a royal jelly
 g - 2 bread rations
 j - a fruit


   Skills:
 + Level 4.7 Fighting
 + Level 3.4 Maces & Flails
 + Level 1.0 Throwing
 + Level 2.1 Armour
 + Level 1.3 Dodging
 + Level 3.1 Stealth
   Level 1.2 Shields
 + Level 2.3 Unarmed Combat


You had 4 spell levels left.
You didn't know any spells.

Dungeon Overview and Level Annotations

Branches:
Dungeon (3/15)

Altars:
Ashenzari
Elyvilon
Trog
Uskayaw


Innate Abilities, Weirdness & Mutations

You reflexively headbutt those who attack you in melee.
You have a pair of horns on your head.


Message History

The hippogriff claws you but does no damage.
You hit the hippogriff but do no damage.
The hippogriff is moderately wounded.
The hippogriff bites you. The hippogriff pecks you.
The hippogriff claws you but does no damage.
You hit the hippogriff.
The hippogriff is heavily wounded.
The hippogriff bites you but does no damage.
The hippogriff pecks you! The hippogriff barely misses you.
Your scale mail prevents you from hitting the hippogriff.
You headbutt the hippogriff!
The hippogriff is severely wounded.
The hippogriff misses you. The hippogriff pecks you. The hippogriff misses you.
You barely miss the hippogriff.
The hippogriff is severely wounded.
The hippogriff bites you!
* * * LOW HITPOINT WARNING * * *
The hippogriff pecks you but does no damage.
The hippogriff claws you!
You die...

#.####......##......#
#...........##......#
######......##......#
########.##.###.....#
#........##.###.....#
#.####...##.......###
#...........#####.# #####
..._.>......#####.# #....
#.....#....[...H@.####### #.###
#.......................#####.###
####....####.####..#.#...........
#....##.[...##...##...####.### ##
#....#.......#..###...# #.### .#
###..#)......#...##...# #.... .#
#...[.._......#.#..## ##### .#
#..#.......#.......# .#
##.#.......#..##.###


You could see a hippogriff.

Vanquished Creatures
  2 orc priests (D:3)
  5 adders
  4 dart slugs
  2 leopard geckos (D:1)
  11 orcs (D:3)
  7 bats
  8 goblins
  3 hobgoblins (D:1)
  4 jackals
  7 kobolds
  A ball python (D:2)
  3 frilled lizards (D:2)
  6 rats
63 creatures vanquished.

Vanquished Creatures (others)
  3 fungi (D:3)
  A plant (D:3)
4 creatures vanquished.

Grand Total: 67 creatures vanquished

Notes
Turn   | Place    | Note
-------+----------+-------------------------------------------
     0 | D:1      | dvd the Minotaur Wanderer began the quest for the Orb.
     0 | D:1      | dvd set off with: a curare-tipped needle, a +2 blowgun, a potion of lignification, a scroll of teleportation, a +0 robe, a +0 dagger, a bread ration
     0 | D:1      | Reached XP level 1. HP: 19/19 MP: 0/0
   328 | D:1      | Reached skill level 4 in Fighting
   328 | D:1      | Reached XP level 2. HP: 27/27 MP: 1/1
   775 | D:1      | Reached XP level 3. HP: 34/34 MP: 2/2
  1620 | D:2      | Reached skill level 1 in Maces & Flails
  1755 | D:3      | Reached skill level 1 in Armour
  1755 | D:3      | Reached XP level 4. HP: 33/41 MP: 3/3
  1772 | D:3      | Found a white marble altar of Elyvilon.
  1774 | D:3      | Found a bloodstained altar of Trog.
  1843 | D:3      | Became a worshipper of Trog the Wrathful
  1955 | D:3      | Reached skill level 1 in Dodging
  1963 | D:3      | Noticed a hand axe
  1963 | D:3      | Noticed a dagger
  1968 | D:3      | Found a hide-covered altar of Uskayaw.
  2068 | D:3      | Reached XP level 5. HP: 22/47 MP: 4/4
  2363 | D:3      | Found a shattered altar of Ashenzari.
  2367 | D:3      | Saw a vision of the Swamp and the Spider Nest.
  2367 | D:3      | Noticed a wolf spider
  2367 | D:3      | Noticed a water moccasin
  2367 | D:3      | Noticed a water moccasin
  2367 | D:3      | Noticed a redback
  2367 | D:3      | Noticed a redback
  2367 | D:3      | Noticed a redback
  2367 | D:3      | Noticed a swamp drake
  2367 | D:3      | Noticed a swamp drake
  2367 | D:3      | Noticed a hornet
  2368 | D:3      | Noticed a redback
  2368 | D:3      | Noticed a wolf spider
  2474 | D:3      | Noticed a hippogriff
  2828 | D:3      | Slain by a hippogriff

Skill      XL: |  1  2  3  4  5 |
---------------+----------------+-----
Fighting       | 4 |  4.7
Stealth        | 3 |  3.1
Maces & Flails | 1 2 3 |  3.4
Armour         | 1 2 |  2.1
Dodging        | 1 |  1.3
Throwing       | |  1.0
Shields        | |  1.2
Unarmed Combat | |  2.3

Action                   |  1- 3 |  4- 6 || total
-------------------------+-------+-------++-------
Melee: Unarmed           |    10 |       ||    10
       Mace              |    62 |    60 ||   122
       Headbutt          |    10 |    10 ||    20
       Punch             |       |     2 ||     2
  Use: Scroll            |     1 |     1 ||     2
       Potion            |       |     1 ||     1
 Stab: Sleeping          |     1 |       ||     1
  Eat: Chunk             |     3 |     1 ||     4
       Fruit             |       |     1 ||     1
Armor: Ring mail         |    34 |       ||    34
       Robe              |     1 |       ||     1
       Scale mail        |    19 |    44 ||    63
Dodge: Dodged            |    56 |    44 ||   100
